 Dungeon Crawl Stone Soup version 0.21.1-1-g345015f (webtiles) character file.

2264 poirepourri the Cleaver (level 9, -1/86 HPs)
             Began as a Deep Dwarf Fighter on July 22, 2018.
             Was a Follower of Makhleb.
             Slain by a gnoll
             ... wielding a +0 halberd
              (10 damage)
             ... on level 6 of the Dungeon.
             The game lasted 00:06:52 (3222 turns).

poirepourri the Cleaver (Deep Dwarf Fighter)        Turns: 3222, Time: 00:06:55

Health: -1/86      AC:  8    Str: 19    XL:     9   Next: 16%
Magic:  4/4        EV:  9    Int: 10    God:    Makhleb [*.....]
Gold:   96         SH:  0    Dex: 15    Spells: 8/8 levels left

rFire    + . .     SeeInvis .   a - +1 war axe
rCold    + . .     Gourm    .   c - +0 shield
rNeg     . . .     Faith    .   d - +1 scale mail
rPois    +         Spirit   .   e - +0 helmet
rElec    +         Reflect  .   (no cloak)
rCorr    +         Harm     .   (no gloves)
MR       +....                  k - +1 pair of boots
Stlth    ..........             (no amulet)
HPRegen  0.00/turn              (no ring)
MPRegen  0.09/turn              (no ring)

@: confused, resistant, non-regenerating
A: damage resistance, heal wounds, camouflage 1, blurry vision 1, deformed body,
sense surroundings 2, no regeneration
a: Heal Wounds, Renounce Religion


You were on level 6 of the Dungeon.
You worshipped Makhleb.
Makhleb was aware of your devotion.
You were not hungry.

You visited 2 branches of the dungeon, and saw 7 of its levels.

You collected 135 gold pieces.
You spent 39 gold pieces at shops.

Inventory:

Hand Weapons
 a - a +1 war axe (weapon)
 b - a +0 hunting sling
Missiles
 h - 67 stones (quivered)
 n - 59 bolts
 p - 3 tomahawks
Armour
 c - a +0 shield (worn)
 d - a +1 scale mail (worn)
 e - a +0 helmet (worn)
 k - a +1 pair of boots (worn)
Scrolls
 i - 2 scrolls of remove curse
 l - a scroll of magic mapping
Potions
 m - a potion of resistance
Comestibles
 o - a ration


   Skills:
 - Level 7.3 Fighting
 - Level 9.2 Axes
 - Level 3.2 Armour
 - Level 2.4 Dodging
 + Level 5.9 Shields


You had 8 spell levels left.
You didn't know any spells.

Dungeon Overview and Level Annotations

Branches:
Dungeon (6/15)             Temple (1/1) D:4

Altars:
Ashenzari
Cheibriados
Dithmenos
Elyvilon
Gozag
Hepliaklqana
Kikubaaqudgha
Makhleb
Nemelex Xobeh
Okawaru
Ru
Sif Muna
Trog
Uskayaw
Vehumet
Wu Jian
Xom
Yredelemnul
Zin
The Shining One

Shops:
D:5 !

Annotations:
D:3 Ymberto's ghost, amateur HuHu
D:6 Jaiteiro's ghost, novice SpVM


Innate Abilities, Weirdness & Mutations

You are resistant to damage.
You can heal yourself by infusing magical energy.
You passively map the area around you.
You do not regenerate.
Your skin changes colour to match your surroundings (Stealth+).
Scrolls take you a little longer to read.
Armour fits poorly on your strangely shaped body.


Message History

You see here 2 arrows.
Unknown command.
Unknown command.
Unknown command.
You're too confused!
Unknown command.
It was a potion of mutation.
You feel extremely strange.
Your vision blurs.
Your body twists and deforms.
Your skin functions as natural camouflage.
You are engulfed in noxious fumes.
You choke on the stench!
You are more confused.
The gnoll sergeant seems less confused.
You feel protected.
Jaiteiro's ghost hits you but does no damage.
The centaur is engulfed in noxious fumes.
The centaur unwields an uncursed shortbow.
The centaur hits you.
* * * LOW HITPOINT WARNING * * *
The gnoll hits you from afar with a halberd!
You die...

...........,
?......#,,.### #.##...#
..# #......# *#.#
.......# #.###########
..(.#.######(..(.......#
..........##..†(%......#
..###.###..)...gW§..(..#
#.# #.# ####g.g§@§.....#
#...#.# ##..c....(..#
..#(#.# #..........#
#(#.#.# #..........#
#.#>#.# #.......<..#
......## #..........#
.......# ##.##..#####
.......#### #. ..#
.........§####.


You could see a gnoll sergeant, a centaur, Jaiteiro's ghost and 2 gnolls.

Vanquished Creatures
  The ghost of Jaiteiro the Shield-Bearer, a novice GnFi of Okawaru (D:5)
  Grinder (D:4)
  The ghost of Labyrinth the Chiller, an amateur DrIE of Uskayaw (D:4)
  Sigmund (D:2)
  Menkaure (D:6)
  Duvessa (D:5)
  An ice beast (D:5)
  A phantom (D:4)
  Blork the orc (D:4)
  Dowan (D:5)
  3 crimson imps
  A centaur zombie (D:6)
  3 hounds (D:5)
  An orc priest (D:5)
  A jelly (D:5)
  An orc wizard (D:4)
  2 bullfrog skeletons (D:5)
  Jessica (D:2)
  Terence (D:2)
  4 worker ants
  2 iguanas (D:6)
  A hound skeleton (D:4)
  A howler monkey skeleton (D:4)
  8 adders
  A shadow imp (D:5)
  An ooze (D:4)
  An adder zombie (D:5)
  2 adder skeletons
  7 worms
  A dart slug (D:2)
  A leopard gecko (D:3)
  9 orcs
  4 giant cockroaches
  7 goblins
  2 hobgoblins
  3 jackals (D:2)
  4 kobolds
  2 quokkas
  2 bats
  5 frilled lizards
  5 rats
97 creatures vanquished.

Vanquished Creatures (others)
  A gnoll (D:6)
1 creature vanquished.

Grand Total: 98 creatures vanquished

Notes
Turn   | Place    | Note
-------+----------+-------------------------------------------
     0 | D:1      | poirepourri the Deep Dwarf Fighter began the quest for the Orb.
     0 | D:1      | Reached XP level 1. HP: 20/20 MP: 1/1
   100 | D:2      | Noticed Sigmund
   110 | D:2      | Killed Sigmund
   110 | D:2      | Reached skill level 6 in Axes
   110 | D:2      | Reached XP level 2. HP: 5/27 MP: 2/2
   110 | D:2      | Reached XP level 3. HP: 6/33 MP: 3/3
   110 | D:2      | Reached XP level 4. HP: 8/40 MP: 4/4
   110 | D:2      | Reached XP level 5. HP: 9/46 MP: 5/5
   135 | D:2      | Found a shimmering altar of Xom.
   136 | D:2      | Found a basalt altar of Yredelemnul.
   136 | D:2      | Found a hide-covered altar of Uskayaw.
   138 | D:2      | Found a radiant altar of Vehumet.
   140 | D:2      | Found an ornate altar of the Wu Jian Council.
   776 | D:2      | Noticed Jessica
   786 | D:2      | Killed Jessica
   798 | D:2      | Found a basalt altar of Yredelemnul.
   889 | D:2      | Noticed Terence
   895 | D:2      | Killed Terence
   895 | D:2      | Reached skill level 7 in Axes
   895 | D:2      | Reached XP level 6. HP: 55/55 MP: 6/6
  1118 | D:3      | Noticed Ymberto's ghost (amateur HuHu)
  1477 | D:4      | Found a staircase to the Ecumenical Temple.
  1566 | Temple   | Entered the Ecumenical Temple
  1607 | Temple   | Became a worshipper of Makhleb the Destroyer
  1792 | D:4      | Reached skill level 8 in Axes
  1812 | D:4      | Noticed Grinder
  1824 | D:4      | Paralysed by Grinder for 2 turns
  1829 | D:4      | Killed Grinder
  1829 | D:4      | Reached skill level 9 in Axes
  1829 | D:4      | Reached XP level 7. HP: 41/61 MP: 7/7
  1852 | D:4      | Noticed Blork the orc
  1879 | D:4      | Killed Blork the orc
  1887 | D:4      | Found a white marble altar of Elyvilon.
  1974 | D:4      | Noticed Labyrinth's ghost (amateur DrIE)
  1999 | D:4      | Killed Labyrinth's ghost
  2280 | D:5      | Entered Level 5 of the Dungeon
  2291 | D:5      | Reached XP level 8. HP: 21/73 MP: 7/7
  2293 | D:5      | Reached skill level 5 in Fighting
  2332 | D:5      | Noticed Jaiteiro's ghost (novice GnFi)
  2435 | D:5      | Killed Jaiteiro's ghost
  2549 | D:5      | Reached skill level 1 in Dodging
  2582 | D:5      | Noticed Dowan
  2583 | D:5      | Noticed Duvessa
  2600 | D:5      | Killed Duvessa
  2604 | D:5      | Reached * piety under Makhleb
  2614 | D:5      | Killed Dowan
  2677 | D:5      | Gained mutation: You passively map the area around you. [Deep Dwarf growth]
  2677 | D:5      | Reached XP level 9. HP: 60/86 MP: 6/6
  2896 | D:5      | Reached skill level 5 in Shields
  2918 | D:5      | Found Lydas's Distillery.
  2923 | D:5      | Bought a potion of curing for 39 gold pieces
  3069 | D:6      | Noticed Menkaure
  3086 | D:6      | Killed Menkaure
  3134 | D:6      | Noticed Jaiteiro's ghost (novice SpVM)
  3221 | D:6      | Gained mutation: Scrolls take you a little longer to read. [potion of mutation]
  3221 | D:6      | Gained mutation: Armour fits poorly on your strangely shaped body. [potion of mutation]
  3221 | D:6      | Gained mutation: Your skin changes colour to match your surroundings (Stealth+). [potion of mutation]
  3222 | D:6      | Slain by a gnoll

Skill      XL: |  1  2  3  4  5  6  7  8  9 |
---------------+----------------------------+-----
Axes           | 6 7 9 |  9.2
Fighting       | 4 7 |  7.3
Dodging        | 2 |  2.4
Shields        | 4 5 |  5.9
Armour         | |  3.2

Action                   |  1- 3 |  4- 6 |  7- 9 || total
-------------------------+-------+-------+-------++-------
Melee: War axe           |    16 |   200 |   247 ||   463
 Fire: Hunting sling     |       |     4 |     7 ||    11
Throw: Stone             |       |       |     3 ||     3
 Abil: Heal Wounds       |       |     1 |    12 ||    13
  Use: Potion            |     1 |     3 |     8 ||    12
       Scroll            |       |     7 |     6 ||    13
 Stab: Invisible         |       |       |     5 ||     5
  Eat: Ration            |       |     1 |     2 ||     3
Armor: Scale mail        |     5 |    75 |   128 ||   208
       Skin              |       |     2 |       ||     2
Dodge: Dodged            |     1 |    55 |    84 ||   140
Block: Shield            |     6 |    93 |   101 ||   200
